Map: Acid Plant LE

Players

Zanster - Winner!

  • Race: Zerg Zerg
  • Spawn Location: 11:00

Wilo

  • Race: Zerg Zerg
  • Spawn Location: 5:00

Event: WCS Montreal 2018

VOD

Have the link to the VOD?

Description

Time

  • Played on: Sept. 7, 2018, 1:41 p.m.
  • Length: 5:21

All games in this series

Show
View Real Time Build Order
Export as new Build Order

Zanster Zerg - Winner!

Build Orders: Hatch First, Zergling Baneling 

Get SALT Encoding   

  12  0:00  Drone  
  13  0:12  Overlord  
  13  0:16  Drone  
  14  0:30  Drone  
  14  0:31  Drone  
  14  0:33  Drone  
  17  0:52  Hatchery  
  17  0:54  Drone  
  17  0:58  Drone  
  17  1:02  Extractor  
  17  1:13  Spawning Pool  
  17  1:16  Drone  
  17  1:19  Drone  
  18  1:27  Drone  
  19  1:38  Drone  
  20  1:51  Overlord  
  20  1:59  Queen  
  22  2:03  Queen  
  22  2:04  Drone x2  
  22  2:05  Metabolic Boost  
  26  2:10  Drone  
  26  2:15  Drone  
  28  2:21  Drone  
  29  2:25  Drone, Baneling Nest  
  29  2:35  Zergling x2  
  30  2:42  Hatchery  
  29  2:44  Zergling x2  
  29  2:48  Overlord  
  31  2:51  Zergling x2  
  31  3:08  Zergling x2  
  31  3:09  Zergling x12  
  38  3:13  Zergling x2  
  38  3:16  Zergling x4  
  41  3:21  Overlord  
  41  3:28  Baneling x2  
  41  3:31  Baneling x2  
  41  3:32  Zergling x2  
  41  3:33  Zergling x2  
  43  3:40  Drone x3  
  47  3:41  Drone  
  47  3:45  Baneling x2  
  47  3:47  Drone  
  48  3:49  Drone  
  48  3:52  Drone  
  50  3:55  Overlord  
  50  4:01  Drone  
  47  4:08  Drone x4  
  48  4:11  Baneling x2  
  47  4:20  Drone x5  
  50  4:24  Drone  
  50  4:25  Drone x2  
  49  4:31  Zergling x6  
  49  4:35  Extractor  
  49  4:36  Queen  
  49  4:37  Zergling x2  
  53  4:38  Zergling x2  
  53  4:40  Zergling x2  
  53  4:43  Extractor  
  53  4:44  Zergling x2  
  53  4:45  Zergling x4  
  57  4:47  Zergling x2  
  57  4:49  Zergling x2  
  57  4:50  Baneling  
  57  4:51  Baneling x2  
  59  4:53  Baneling  
  59  5:00  Zergling x8  
Show
View Real Time Build Order
Export as new Build Order

Wilo Zerg 

Build Orders: Hatch First 

Get SALT Encoding   

  12  0:01  Drone  
  13  0:12  Overlord  
  13  0:17  Drone  
  14  0:30  Drone x2  
  16  0:49  Hatchery  
  15  0:51  Drone  
  15  0:55  Drone  
  17  1:01  Extractor  
  16  1:12  Spawning Pool  
  16  1:15  Drone  
  16  1:17  Drone  
  17  1:21  Drone  
  18  1:28  Drone  
  19  1:38  Overlord  
  19  1:49  Drone  
  20  1:59  Queen  
  20  2:00  Zergling x2  
  20  2:01  Queen  
  25  2:08  Metabolic Boost  
  25  2:12  Drone  
  25  2:14  Drone  
  27  2:17  Drone  
  27  2:22  Drone  
  29  2:38  Hatchery  
  29  2:43  Drone x2  
  30  2:44  Drone  
  30  2:48  Overlord  
  31  2:59  Drone x2, Baneling Nest  
  31  3:03  Zergling x2  
  32  3:07  Zergling x4  
  35  3:12  Drone  
  35  3:13  Drone  
  35  3:14  Drone  
  35  3:16  Zergling x2  
  35  3:19  Zergling x2  
  39  3:22  Zergling x4  
  41  3:31  Zergling x2  
  42  3:37  Zergling x4  
  44  3:42  Baneling  
  44  3:43  Baneling x3  
  44  3:48  Overlord  
  44  3:49  Queen, Overlord  
  41  4:05  Drone x3  
  41  4:06  Drone  
  42  4:11  Zergling x4  
  42  4:13  Extractor  
  42  4:15  Roach Warren  
  41  4:19  Zergling x4  
  33  4:39  Drone x3  
  33  4:40  Drone  
  38  4:53  Drone x2  
  40  5:02  Hatchery  
  40  5:03  Drone x2  
  37  5:15  Extractor  
  37  5:17  Roach Warren  
Tags
 
Add a new tag
Caveats
  • Supply blocks, unpowered buildings, or Contaminate may cause inaccurate times.
  • Supply counts are checked every 10 seconds.